 Dungeon Crawl Stone Soup version 0.17-a0-1663-gb806841 (webtiles) character file.

8313 kae the Destroyer (level 11, 53/68 HPs)
             Began as a Demonspawn Ice Elementalist on Aug 16, 2015.
             Was an Elder of Vehumet.
             Starved to death
             ... on level 10 of the Dungeon.
             The game lasted 00:20:49 (9816 turns).

kae the Destroyer (Demonspawn Ice Elementalist)     Turns: 9816, Time: 00:20:49

Health: 53/68      AC: 11    Str: 10    XL:     11   Next: 8%
Magic:  18/22      EV: 12    Int: 19    God:    Vehumet [****..]
Gold:   808        SH:  0    Dex: 13    Spells: 5 memorised, 9 levels left

rFire  + . .     SeeInvis .     z - +4 spear of the Valley of Death {freeze, rF+}
rCold  . . .     Clarity  .     I - +2 robe of Annebeumaa {+Inv rPois}
rNeg   . . .     SustAt   .     (no shield)
rPois  +         Gourm    .     (no helmet)
rElec  .         Spirit   +     q - +0 cloak
rCorr  .         Warding  .     (no gloves)
rMut   .         Stasis   .     (no boots)
MR     .....                    (no amulet)
Stlth  ++........               (no ring)
                                K - +2 ring of protection

@: starving, not resistant to hostile enchantments, unstealthy
A: hooves 1, iridescent scales 1, powered by death 2, magic shield, magic
regeneration
a: Renounce Religion, Evoke Invisibility


You were on level 10 of the Dungeon.
You worshipped Vehumet.
Vehumet was greatly pleased with you.
You were starving.

You visited 2 branches of the dungeon, and saw 11 of its levels.
You also visited: Sewer and Ossuary.

You collected 808 gold pieces.

Inventory:

Hand weapons
 e - a +0 hand axe
 k - a +0 spear
 z - the +4 spear of the Valley of Death (weapon) {freeze, rF+}
   (You found it on level 5 of the Dungeon)

   It has been specially enchanted to freeze those struck by it, causing extra
   injury to most foes and up to half again as much damage against particularly
   susceptible opponents.
   It can also slow down cold-blooded creatures.
   It protects you from fire.
Armour
 a - a +1 robe
 q - a +0 cloak (worn)
 G - the cursed +6 large shield of Ignorance {rN+ AC+2 EV+2 Int-6 *Curse}
   (You found it on level 9 of the Dungeon)

   It affects your AC (+2).
   It affects your evasion (+2).
   It affects your intelligence (-6).
   It protects you from negative energy.
   It may re-curse itself when equipped.
   It has a curse placed upon it.
 I - the +2 robe of Annebeumaa (worn) {+Inv rPois}
   (You found it on level 8 of the Dungeon)

   It protects you from poison.
   It lets you turn invisible.
Jewellery
 y - an uncursed amulet of warding {unknown}
 K - a +2 ring of protection (left hand)
Magical devices
 j - a wand of enslavement (7)
 u - a wand of fire (10)
 w - a wand of digging (11)
 B - a wand of flame (19)
 Q - a wand of magic darts (21)
Scrolls
 d - 3 scrolls of amnesia
 f - 4 scrolls of remove curse
 n - 4 scrolls of recharging
 r - 4 scrolls of teleportation
 x - a scroll of enchant armour
 N - 3 scrolls of identify
 P - a scroll of magic mapping {unknown}
Potions
 g - 5 potions of curing
 h - 6 potions of heal wounds
 i - 4 potions of haste
 p - a potion of might
 s - a potion of invisibility
 v - a potion of magic {unknown}
 A - a potion of lignification
 C - 2 potions of resistance
 E - a potion of cure mutation
 F - a potion of flight {unknown}
 H - 2 potions of brilliance
 M - a potion of cancellation {unknown}
Books
 b - a book of Frost

   Spells                             Type                      Level
   a - Freeze                         Ice                          1
   b - Throw Frost                    Conjuration/Ice              2
   c - Ozocubu's Armour               Charms/Ice                   3
   d - Throw Icicle                   Conjuration/Ice              4
   e - Summon Ice Beast               Ice/Summoning                4
   f - Condensation Shield            Ice                          4
 o - a book of Death

   Spells                             Type                      Level
   a - Corpse Rot                     Necromancy                   2
   b - Sublimation of Blood           Necromancy                   2
   c - Agony                          Necromancy                   5
   d - Dispel Undead                  Necromancy                   5
   e - Excruciating Wounds            Charms/Necromancy            5
   f - Bolt of Draining               Conjuration/Necromancy       5
 J - a book of Ice

   Spells                             Type                      Level
   a - Ice Form                       Ice/Transmutation            4
   b - Metabolic Englaciation         Hexes/Ice                    5
   c - Ozocubu's Refrigeration        Ice                          6
   d - Bolt of Cold                   Conjuration/Ice              6
   e - Freezing Cloud                 Conjuration/Ice/Air          6
   f - Simulacrum                     Ice/Necromancy               6
 L - a book of Clouds

   Spells                             Type                      Level
   a - Mephitic Cloud                 Conjuration/Poison/Air       3
   b - Conjure Flame                  Conjuration/Fire             3
   c - Poisonous Cloud                Conjuration/Poison/Air       6
   d - Freezing Cloud                 Conjuration/Ice/Air          6
   e - Ring of Flames                 Charms/Fire                  7
Comestibles
 c - 7 bread rations
 l - 9 slices of pizza
 m - 5 meat rations
 t - 2 beef jerkies
 D - 14 fruits
 O - 5 chunks of flesh


   Skills:
 - Level 1.7 Dodging
 - Level 1.7 Stealth
 + Level 7.3 Spellcasting
 * Level 10.8 Conjurations
 * Level 10.4 Ice Magic


You had 9 spell levels left.
You knew the following spells:

 Your Spells              Type           Power        Failure   Level  Hunger
a - Freeze                Ice            ####         1%          1    None
b - Throw Frost           Conj/Ice       #####.       1%          2    None
c - Throw Icicle          Conj/Ice       #####...     1%          4    ###....
d - Condensation Shield   Ice            #####.....   1%          4    ###....
e - Summon Ice Beast      Ice/Summ       ####....     12%         4    ###....


Dungeon Overview and Level Annotations

Branches:
Dungeon (10/15)            Temple (1/1) D:4            Lair (0/8) D:9
    Orc: D:9-12

Altars:
Ashenzari
Cheibriados
Dithmenos
Elyvilon
Fedhas
Gozag
Kikubaaqudgha
Makhleb
Nemelex Xobeh
Okawaru
Qazlal
Ru
Sif Muna
Trog
Vehumet
Xom
Yredelemnul
Zin
The Shining One

Annotations:
D:5 Grinder, Sigmund


Innate Abilities, Weirdness & Mutations

You have large cloven feet.
You are partially covered in iridescent scales (AC +4).
You regenerate health from kills.
When hurt, damage is shared between your health and your magic reserves.
You regenerate magic rapidly.


Message History

You hit something. You freeze something. Something hits you but does no damage.
The hungry ghost hits you.
You feel slightly more hungry.
You miss something. Something hits you but does no damage.
The hungry ghost hits you.
You feel slightly more hungry.
You closely miss something. Your kick misses something.
Something hits you but does no damage. The hungry ghost hits you.
You feel slightly more hungry.
You miss something. You kick something. Something hits you but does no damage.
The hungry ghost hits you.
You feel slightly more hungry.
You barely miss something. Something hits you. Something shocks you.
The hungry ghost hits you.
You feel slightly more hungry.
You miss something. Your kick misses something.
You feel less regenerative. Something hits you but does no damage.
The hungry ghost hits you.
You feel slightly more hungry.
A sky beast appears from thin air!
Reactivating autopickup.
The sky beast hits you. The sky beast shocks you.
You have starved to death.
You die...

### #.. # # ###.# .# #.
...#####.###### #.
#..##....sW.S.#
#.#####.......o####.#
####....##...#.##.# ##.##
#........)YW......###...#
#.##...###.#@####.##.###.#
#.......#......#.#####.#
##..############....##.#
#.###..##.......###..#..#.#
#......##...>...##..###..#
######.###.......##...#..##
#......# #.......##.#....#
#.####.# #.............#.#
#.####.# #.......##.#..#.#


You could see a hungry ghost and a sky beast.

Vanquished Creatures
  A hydra (D:8)
  2 hill giants
  Pikel (D:6)
  Joseph (D:7)
  A guardian serpent (D:10)
  5 yaks
  A water moccasin (D:8)
  4 orc warriors
  A black bear (D:6)
  4 slaves (D:6)
  A wasp (D:10)
  7 centaurs
  3 ogres
  4 big kobolds
  A crocodile (Sewer)
  The ghost of MordorOrchid the Sneak, an average SpEE of Elyvilon (D:6)
  5 giant frogs
  9 killer bees
  4 scorpions
  4 crimson imps
  2 centaur zombies (D:10)
  A hound (D:7)
  2 jellies
  Crazy Yiuf (D:5)
  3 giant frog zombies
  2 iguanas (D:7)
  2 giant frog skeletons (D:6)
  A centaur skeleton (D:9)
  6 orc wizards
  Terence (D:2)
  A worker ant (shapeshifter) (D:8)
  A killer bee zombie (D:10)
  12 worker ants
  2 sheep (D:8)
  8 mummies (Ossuary)
  2 hound zombies
  A worker ant zombie (D:8)
  8 river rats (D:4)
  4 gnolls (D:7)
  10 adders
  2 shadow imps
  An ooze (D:3)
  4 worms
  2 adder skeletons (D:8)
  3 giant geckos
  30 orcs
  6 bats
  11 giant cockroaches
  12 hobgoblins
  11 jackals
  20 kobolds
  5 quokkas
  A giant gecko zombie (D:3)
  5 giant newts
  A gnoll zombie (Ossuary)
  5 goblins
  A hobgoblin zombie (Ossuary)
  5 kobold zombies (Ossuary)
  An orc zombie (Ossuary)
  21 rats
  A plant (D:8)
278 creatures vanquished.

Vanquished Creatures (collateral kills)
  An ice beast (D:8)
  A black bear (D:9)
2 creatures vanquished.

Vanquished Creatures (others)
  2 plants (D:8)
2 creatures vanquished.

Grand Total: 282 creatures vanquished

Notes
Turn   | Place    | Note
--------------------------------------------------------------
     0 | D:1      | kae the Demonspawn Ice Elementalist began the quest for the Orb.
     0 | D:1      | Reached XP level 1. HP: 13/13 MP: 3/3
    82 | D:1      | Reached skill level 3 in Ice Magic
   197 | D:1      | Gained mutation: You are partially covered in iridescent scales (AC +4). [demonic ancestry]
   197 | D:1      | Reached XP level 2. HP: 13/19 MP: 0/5
   458 | D:1      | Learned a level 2 spell: Throw Frost
   613 | D:1      | Found a glowing golden altar of the Shining One.
   956 | D:1      | Gained mutation: You regenerate a little health from kills. [demonic ancestry]
   956 | D:1      | Reached XP level 3. HP: 17/24 MP: 6/6
  1365 | D:2      | Noticed Terence
  1371 | D:2      | Killed Terence
  1495 | D:2      | Found a faded altar to an unknown god.
  1532 | D:2      | Gained mutation: You have large cloven feet. [demonic ancestry]
  1532 | D:2      | Reached XP level 4. HP: 21/30 MP: 3/7
  1846 | D:3      | Reached skill level 4 in Ice Magic
  1892 | D:3      | Learned a level 4 spell: Throw Icicle
  2298 | D:3      | Found a sparkling altar of Nemelex Xobeh.
  2298 | D:3      | Found an opulent altar of Gozag.
  2431 | D:3      | Found a burning altar of Makhleb.
  2434 | D:3      | Noticed an Executioner
  2436 | D:3      | Found a glowing silver altar of Zin.
  2436 | D:3      | Noticed an angel
  2454 | D:3      | Gained mutation: You regenerate health from kills. [demonic ancestry]
  2454 | D:3      | Reached XP level 5. HP: 35/35 MP: 2/8
  2517 | D:3      | Noticed a giant frog
  2526 | D:3      | Killed a giant frog
  2704 | D:4      | Found a glowing drain.
  2784 | Sewer    | Entered a sewer
  2864 | Sewer    | Gained mutation: When hurt, damage is shared between your health and your magic reserves. [demonic ancestry]
  2864 | Sewer    | Reached XP level 6. HP: 39/41 MP: 3/10
  3418 | D:4      | Found a blossoming altar of Fedhas.
  3561 | D:4      | Found a staircase to the Ecumenical Temple.
  3575 | Temple   | Entered the Ecumenical Temple
  3657 | Temple   | Became a worshipper of Vehumet
  3729 | D:5      | Entered Level 5 of the Dungeon
  3740 | D:5      | Reached skill level 5 in Ice Magic
  3755 | D:5      | Got a pitted spear
  3756 | D:5      | Identified the +4 spear of the Valley of Death {freeze, rF+} (You found it on level 5 of the Dungeon)
  3855 | D:5      | Noticed Sigmund
  3878 | D:5      | Found a white marble altar of Elyvilon.
  3881 | D:5      | Noticed Grinder
  3892 | D:5      | Gained mutation: You regenerate magic rapidly. [demonic ancestry]
  3892 | D:5      | Reached XP level 7. HP: 46/46 MP: 5/12
  4228 | D:5      | Noticed Crazy Yiuf
  4240 | D:5      | Killed Crazy Yiuf
  4240 | D:5      | Reached skill level 5 in Conjurations
  4606 | D:6      | Noticed Pikel
  4733 | D:6      | Killed Pikel
  4733 | D:6      | Reached skill level 6 in Conjurations
  4733 | D:6      | Reached XP level 8. HP: 30/52 MP: 0/14
  4885 | D:6      | Noticed MordorOrchid's ghost (average SpEE)
  4959 | D:6      | Killed MordorOrchid's ghost
  5303 | D:6      | Reached skill level 7 in Conjurations
  5716 | D:7      | Reached skill level 5 in Spellcasting
  5732 | D:7      | Found a sand-covered staircase.
  5741 | D:7      | Acquired Vehumet's first power
  5741 | D:7      | Offered knowledge of Sandblast by Vehumet.
  5788 | Ossuary  | Entered an ossuary
  6014 | Ossuary  | Reached XP level 9. HP: 53/57 MP: 14/16
  6262 | D:7      | Noticed Joseph
  6279 | D:7      | Killed Joseph
  6544 | D:7      | Reached skill level 8 in Ice Magic
  6865 | D:8      | Offered knowledge of Sting by Vehumet.
  7008 | D:8      | Learned a level 4 spell: Condensation Shield
  7013 | D:8      | Learned a level 4 spell: Summon Ice Beast
  7353 | D:8      | Noticed a three-headed hydra
  7541 | D:8      | Reached skill level 9 in Conjurations
  7629 | D:8      | Reached XP level 10. HP: 63/63 MP: 9/19
  7710 | D:8      | Killed a three-headed hydra
  7807 | D:8      | Found an ancient bone altar of Kikubaaqudgha.
  7883 | D:8      | Got a faintly glowing robe
  7894 | D:8      | Identified the +2 robe of Annebeumaa {+Inv rPois} (You found it on level 8 of the Dungeon)
  7919 | D:9      | Noticed a hill giant
  7946 | D:8      | Offered knowledge of Throw Flame by Vehumet.
  8146 | D:9      | Acquired Vehumet's second power
  8516 | D:9      | Killed a hill giant
  8601 | D:9      | Reached skill level 10 in Conjurations
  8664 | D:9      | Found a staircase to the Lair.
  8874 | D:10     | Entered Level 10 of the Dungeon
  8917 | D:10     | Reached skill level 10 in Ice Magic
  8923 | D:10     | Offered knowledge of Force Lance by Vehumet.
  8927 | D:10     | Noticed a hill giant
  8996 | D:10     | Killed a hill giant
  9382 | D:10     | Noticed a guardian serpent
  9547 | D:10     | Killed a guardian serpent
  9547 | D:10     | Reached XP level 11. HP: 68/68 MP: 13/21
  9731 | D:10     | Acquired Vehumet's third power
  9816 | D:10     | Starved to death

Vault maps used:
D:1:      lightli_arrival_chessboard, tso_altar
D:2:      ecumenical_altar_1, first_bread, minmay_misc_feat_x,
          kennysheep_generic_room_8, uniq_terence
D:3:      grunt_temple_overflow_order_and_chaos_2,
          grunt_temple_overflow_opulence
D:4:      fedhas_altar_4, temple_hall, gup_sewer_entry_glass, st_stairs_7,
          dk_rats_in_the_wall
D:5:      old_standard_altar, uniq_grinder, uniq_sigmund,
          uniq_crazy_yiuf_cottage
D:6:      uniq_pikel
D:7:      enter_ossuary_1, uniq_joseph
D:8:      kennysheep_mini_moat, hangedman_ranch, st_stairs_4,
          small_chamber_with_monster
D:9:      dpeg_oklobed_lair
D:10:     nrook_guardian_serpent_double
Temple:   circular_temple_12
Sewer:    sewer_the_crocodile
Ossuary:  ossuary_tomb_3

Action                   |  1- 3 |  4- 6 |  7- 9 | 10-12 || total
-------------------------+-------+-------+-------+-------++-------
Melee: Unarmed           |    22 |       |       |       ||    22
       Hand axe          |    56 |    48 |       |       ||   104
       Spear             |       |   145 |   194 |   175 ||   514
 Cast: Freeze            |    47 |    97 |   194 |   133 ||   471
       Throw Frost       |       |     6 |    49 |    36 ||    91
       Summon Ice Beast  |       |       |     1 |     2 ||     3
       Throw Icicle      |       |       |       |    13 ||    13
       Condensation Shie |       |       |       |     1 ||     1
  Use: Scroll            |       |     5 |    14 |     1 ||    20
       Potion            |       |       |     3 |     2 ||     5
 Stab: Sleeping          |     3 |     4 |       |     1 ||     8
       Invisible         |       |       |     2 |       ||     2
       Distracted        |       |       |     1 |       ||     1
  Eat: Chunk             |     3 |     8 |    12 |     9 ||    32
       Fruit             |       |       |       |     2 ||     2
